 Dungeon Crawl Stone Soup version 0.30.1-3-gfc49f6343a (webtiles) character file.

Game seed: 13817659698004679298

4081 Fodor the Cruncher (level 10, -3/88 HPs)
             Began as a Minotaur Fighter on July 27, 2023.
             Was an Initiate of Gozag.
             Slain by a hornet (4 damage)
             ... on level 8 of the Dungeon.
             The game lasted 00:41:03 (6684 turns).

Fodor the Cruncher (Minotaur Fighter)               Turns: 6684, Time: 00:41:07

Health: -3/88      AC: 19    Str: 25 (26) XL:     10   Next: 5%
Magic:  0/9        EV: 12    Int:  8 (11) God:    Gozag
Gold:   299        SH:  0    Dex:  8 (9)  Spells: 9/9 levels left

rFire   + + .        m - +3 quarterstaff (chaos)
rCold   x . .        (shield currently unavailable)
rNeg    . . .        E - +5 ring mail "Fuosufia" {rF+ SInv}
rPois   .            (helmet restricted)
rElec   .            n - +2 cloak {Will+}
rCorr   .            i - +2 pair of gloves
SInv    +            F - +0 pair of boots
Will    +....        r - amulet of guardian spirit
Stlth   +            u - ring of fire
HPRegen 0.34/turn    M - +6 ring of intelligence
MPRegen 0.11/turn

%: guardian spirit
@: slowed, very slow
A: horns 2, retaliatory headbutt
a: Renounce Religion, Potion Petition, Call Merchant, Bribe Branch


You were on level 8 of the Dungeon.
You worshipped Gozag.
Gozag was aware of your devotion.
You visited 2 branches of the dungeon, and saw 9 of its levels.

You collected 413 gold pieces.
You paid 114 gold pieces to Gozag.

Inventory:

Hand Weapons
 m - a +3 quarterstaff of chaos (weapon)
 G - a +1 heavy hand axe
 J - a +0 shortbow
Missiles
 k - 22 poisoned darts (quivered)
 K - a throwing net
Armour
 c - a +0 buckler
 i - a +2 pair of gloves (worn)
 n - a +2 cloak of willpower (worn)
 A - a +0 chain mail
 E - the +5 ring mail "Fuosufia" (worn) {rF+ SInv}
   (You found it on level 5 of the Dungeon)

   rF:        It protects you from fire.
   SInv:      It lets you see invisible.
 F - a +0 pair of boots (worn)
 P - an orb of light
Jewellery
 r - an amulet of guardian spirit (around neck)
 u - a ring of fire (left hand)
 y - a ring of fire
 M - a +6 ring of intelligence (right hand)
 O - a +6 ring of dexterity
 W - a ring of protection from fire
Wands
 a - a wand of roots (26)
 h - a wand of digging (1)
 w - a wand of mindburst (12)
 U - a wand of charming (7)
Scrolls
 b - 5 scrolls of teleportation
 e - 6 scrolls of fog
 l - 2 scrolls of vulnerability
 o - 5 scrolls of fear
 x - a scroll of silence
 z - a scroll of blinking
 C - a scroll of immolation {unknown}
 D - a scroll of enchant weapon {unknown}
 H - 2 scrolls of poison
 I - 2 scrolls of noise
 Q - 2 scrolls of identify
 R - a scroll of brand weapon {unknown}
 S - a scroll of magic mapping {unknown}
 T - a scroll of amnesia {unknown}
 V - a scroll of enchant armour
Potions
 d - 3 potions of might
 f - 5 potions of lignification
 g - 4 potions of attraction {unknown}
 j - a potion of flight {unknown}
 q - 5 potions of degeneration
 s - a potion of mutation {unknown}
 t - 2 potions of haste {unknown}
 v - 2 potions of berserk rage {unknown}
 B - 2 potions of cancellation
 L - a potion of heal wounds {unknown}
 N - a potion of ambrosia {unknown}


   Skills:
 + Level 8.1 Fighting
 + Level 3.3 Long Blades
 + Level 2.9(7.8) Polearms
 + Level 11.3(11.5) Staves
 + Level 8.3 Armour
 + Level 5.0 Dodging
 + Level 2.2 Stealth
 + Level 4.3 Shields


You had 9 spell levels left.
You didn't know any spells.
Your spell library contained the following spells:

 Spells                   Type           Power      Damage    Failure   Level
 Apportation              Tloc           0%         N/A       52%         1
 Necrotise                Necr           0%         1d4       52%         1
 Summon Small Mammal      Summ           0%         N/A       52%         1
 Blink                    Tloc           0%         N/A       67%         2
 Lesser Beckoning         Tloc           0%         N/A       67%         2
 Momentum Strike          Conj/Tloc      0%         3d8       67%         2
 Gell's Gravitas          Tloc           0%         N/A       88%         3
 Teleport Other           Tloc           0%         N/A       88%         3


Dungeon Overview and Level Annotations

Branches:
Dungeon (8/15)             Temple (1/1) D:6
   Lair: D:8-11

Altars:
Ashenzari
Cheibriados
Dithmenos
Elyvilon
Fedhas
Gozag
Hepliaklqana
Kikubaaqudgha
Makhleb
Nemelex Xobeh
Okawaru
Qazlal
Ru
Sif Muna
Trog
Uskayaw
Vehumet
Wu Jian
Xom
Yredelemnul
Zin
The Shining One


Innate Abilities, Weirdness & Mutations

You have a pair of horns on your head.
You reflexively headbutt those who attack you in melee.


Message History

The hornet stings you!
* * * LOW HITPOINT WARNING * * *
You feel better. The hornet barely misses you. The hornet stings you!
* * * LOW HITPOINT WARNING * * *
You feel as though you will be slow longer.
You feel better. The hornet stings you.
* * * LOW HITPOINT WARNING * * *
The hornet stings you but does no damage.
You feel better.
The hornet stings you but does no damage.
The hornet stings you.
* * * LOW HITPOINT WARNING * * *
You feel as though you will be slow longer.
You feel better. The hornet stings you.
* * * LOW HITPOINT WARNING * * *
The hornet stings you!
* * * LOW HITPOINT WARNING * * *
The hornet stings you but does no damage.
It was a potion of cancellation.
Your magical effects are unravelling.
You feel magically purged.
You feel less wooden.
Your +2 cloak of willpower unmelds from your body.
Your +2 pair of gloves unmelds from your body.
Your +0 pair of boots unmelds from your body.
The +5 ring mail "Fuosufia" {rF+ SInv} unmelds from your body.
You feel strong-willed.
You feel yourself speed up. The hornet stings you.
* * * LOW HITPOINT WARNING * * *
You feel yourself slow down.
The hornet stings you but does no damage.
You sock the hornet!
The hornet is almost dead.
The hornet stings you.
* * * LOW HITPOINT WARNING * * *
You feel as though you will be slow longer.
The hornet stings you.
You die...
Your body crumbles into a pile of gold.

... ... ... #.#
#.# #.# #y# #@#
#$#
#########$######.#
..................
$
#########..#######
##.# #.# #.# #.# #


You could see a hornet.

Vanquished Creatures
  A gargoyle (D:8)
  Psyche (D:8)
  Grinder (D:5)
  4 yaks (D:8)
  A vampire (D:7)
  A wyvern (D:7)
  A steam dragon (D:7)
  A water moccasin (D:7)
  Duvessa (D:7)
  2 sky beasts (D:7)
  An orc warrior (D:7)
  2 ogres
  2 centaurs
  3 phantoms
  2 kobold brigands (D:7)
  2 scorpions
  Dowan (D:7)
  5 killer bees (D:7)
  Crazy Yiuf (D:2)
  2 orc priests
  3 hounds
  A jelly (D:5)
  5 sleepcaps
  3 iguanas
  4 orc wizards
  Terence (D:2)
  Natasha (thrice) (D:2)
  5 gnolls
  5 adders
  An ufetubus (D:5)
  A dart slug (D:1)
  10 orcs
  2 endoplasms
  3 giant cockroaches
  9 goblins
  7 hobgoblins
  5 jackals
  2 quokkas
  9 ball pythons
  8 bats
  3 frilled lizards
  10 kobolds
  3 rats (D:1)
138 creatures vanquished.

Notes
Turn   | Place    | Note
-------+----------+-------------------------------------------
     0 | D:1      | Fodor the Minotaur Fighter began the quest for the Orb.
     0 | D:1      | Reached XP level 1. HP: 19/19 MP: 0/0
   224 | D:1      | Reached XP level 2. HP: 27/27 MP: 1/1
   429 | D:1      | Reached skill level 1 in Polearms
   608 | D:1      | Reached XP level 3. HP: 33/33 MP: 2/2
  1199 | D:2      | Found a runed translucent door.
  1200 | D:2      | Noticed Crazy Yiuf
  1207 | D:2      | Killed Crazy Yiuf
  1208 | D:2      | Reached XP level 4. HP: 27/41 MP: 0/3
  1292 | D:2      | Noticed Natasha
  1301 | D:2      | Noticed Terence
  1302 | D:2      | Killed Natasha
  1308 | D:2      | Killed Terence
  1483 | D:2      | Noticed Natasha
  1493 | D:2      | Killed Natasha
  1494 | D:2      | Reached XP level 5. HP: 46/47 MP: 4/4
  1498 | D:2      | Noticed Natasha
  1507 | D:2      | Killed Natasha
  1508 | D:2      | Reached skill level 1 in Staves
  2303 | D:3      | Noticed Ijyb
  2308 | D:3      | Ijyb changed into Ijyb the centaur
  2308 | D:3      | Noticed Ijyb
  2309 | D:3      | Killed Ijyb the centaur
  2310 | D:3      | Reached skill level 2 in Staves
  2310 | D:3      | Reached skill level 1 in Dodging
  2310 | D:3      | Reached XP level 6. HP: 55/55 MP: 5/5
  2684 | D:4      | Reached skill level 5 in Fighting
  2757 | D:4      | Reached skill level 3 in Staves
  2759 | D:4      | Reached skill level 5 in Armour
  3206 | D:5      | Entered Level 5 of the Dungeon
  3318 | D:5      | Reached skill level 4 in Staves
  3421 | D:5      | Identified the +5 ring mail "Fuosufia" {rF+ SInv}
  3499 | D:5      | Reached XP level 7. HP: 61/61 MP: 6/6
  3556 | D:5      | Found a sacrificial altar of Ru.
  3556 | D:5      | Found a shimmering blue altar of Sif Muna.
  3556 | D:5      | Found a bloodstained altar of Trog.
  3711 | D:5      | Reached skill level 5 in Staves
  3848 | D:5      | Reached skill level 1 in Stealth
  3971 | D:5      | Noticed Grinder
  3987 | D:5      | Killed Grinder
  3988 | D:5      | Reached XP level 8. HP: 54/70 MP: 4/7
  4285 | D:5      | Reached skill level 6 in Staves
  4939 | D:6      | Found a staircase to the Ecumenical Temple.
  5257 | Temple   | Entered the Ecumenical Temple
  5390 | D:7      | Reached skill level 7 in Staves
  5662 | D:7      | Reached skill level 8 in Staves
  5770 | D:7      | Reached XP level 9. HP: 75/78 MP: 6/8
  5982 | D:7      | Reached skill level 9 in Staves
  6013 | D:7      | Noticed Dowan
  6015 | D:7      | Noticed Duvessa
  6034 | D:7      | Killed Duvessa
  6043 | D:7      | Killed Dowan
  6346 | D:7      | Found an opulent altar of Gozag.
  6352 | D:7      | Found a basalt altar of Yredelemnul.
  6354 | D:7      | Became a worshipper of Gozag Ym Sagoz the Greedy
  6357 | D:7      | Found an ornate altar of the Wu Jian Council.
  6360 | D:7      | Found a sparkling altar of Nemelex Xobeh.
  6376 | D:7      | Found a hide-covered altar of Uskayaw.
  6391 | D:7      | Reached skill level 10 in Staves
  6531 | D:8      | Noticed Psyche
  6540 | D:8      | Killed Psyche
  6570 | D:8      | Noticed a gargoyle
  6575 | D:8      | Killed a gargoyle
  6655 | D:8      | Reached skill level 11 in Staves
  6661 | D:8      | Reached XP level 10. HP: 66/88 MP: 5/9
  6663 | D:8      | Reached skill level 5 in Dodging
  6673 | D:8      | Paralysed by a hornet for 3 turns
  6679 | D:8      | HP: 5/132 [hornet (11)]
  6684 | D:8      | HP: 1/88 [hornet (5)]
  6684 | D:8      | Slain by a hornet

Illustrated notes

Levels and vault maps discovered:
D:1:      dpeg_arrival_shrine, layout_basic, minmay_pentomino_p2
D:2:      layout_loops_cross, uniq_terence, uniq_crazy_yiuf_cottage,
          uniq_natasha
D:3:      layout_loops_cross, uniq_ijyb
D:4:      layout_basic, nrook_mini_backslash
D:5:      layout_basic, gammafunk_temple_overflow_claw, uniq_grinder
D:6:      layout_loops_corners, minmay_temple_entry_large_hall
D:7:      layout_basic, nicolae_overflow_hallway_of_the_gods,
          minmay_statues_item, minmay_crossroads, uniq_duvessa
D:8:      minmay_bubble_buster, layout_loops_ring, hellmonk_lair_entry_icy,
          kennysheep_nondescript, uniq_joseph, uniq_psyche, uniq_maurice
Temple:   compressed_dpeg_circular_temple

Skill      XL: |  1  2  3  4  5  6  7  8  9 10 |
---------------+-------------------------------+-----
Fighting       | 4 5 6 8 |  8.1
Polearms       | 1 2 |  2.9
Armour         | 4 5 6 7 8 |  8.3
Shields        | 4 |  4.3
Long Blades    | 3 |  3.3
Staves         | 2 4 5 8 11 | 11.3
Dodging        | 1 2 3 4 5 |  5.0
Stealth        | 1 2 |  2.2

Action                     |  1- 3 |  4- 6 |  7- 9 | 10-12 || total
---------------------------+-------+-------+-------+-------++-------
  Melee: Long sword        |    18 |       |       |       ||    18
         Headbutt          |     8 |    10 |    30 |     3 ||    51
         Spear             |    46 |       |       |       ||    46
         Quarterstaff      |       |    83 |   196 |    12 ||   291
    Use: Scroll            |       |     7 |     2 |       ||     9
         Potion            |       |       |       |     8 ||     8
 Armour: Scale mail        |    39 |    27 |       |       ||    66
         Chain mail        |       |    40 |       |       ||    40
         Ring mail         |       |     1 |   116 |     3 ||   120
         Skin              |       |       |       |     7 ||     7
  Dodge: Dodged            |    35 |    58 |    94 |     7 ||   194
  Block: Buckler           |    12 |       |       |       ||    12
